 Dungeon Crawl Stone Soup version 0.30-a0-691-g754fce4c43 (webtiles) character file.

Game seed: 7818800728807771734

515 browni3141 the Magician (level 7, 0/50 HPs)
             Began as a Djinni Fire Elementalist on Jan 20, 2023.
             Was a Believer of Makhleb.
             Slain by hikkokomori's ghost (7 damage)
             ... on level 4 of the Dungeon.
             The game lasted 00:13:44 (3959 turns).

browni3141 the Magician (Djinni Fire Elementalist)  Turns: 3959, Time: 00:13:45

Health: 0/50       AC:  2    Str:  4    XL:     7   Next: 44%
Gold:   162        EV: 17    Int: 16    God:    Makhleb [**....] SH:  0 Dex: 18

rFire   + + .      SeeInvis .    n - +10 quarterstaff "Iseytan" {flame, rN+ Str-5 Dex+4}
rCold   x . .      Faith    .    (shield currently unavailable)
rNeg    + . .      Spirit   .    a - +0 robe
rPois   ∞          Reflect  .    (no helmet)
rElec   .          Harm     .    f - scarf {repulsion}
rCorr   .          Rampage  .    (no gloves)
Will    .....                    (boots unavailable)
Stlth   ++                       (no amulet)
HPRegen 0.28/turn                o - +5 ring of evasion
MPRegen 0.00/turn                (no ring)

@: flying, repel missiles
A: sickness immunity, fire resistance 2, cold vulnerability 1, float, innate
caster, HP casting, extra vitality 1
a: Renounce Religion, Minor Destruction


You were on level 4 of the Dungeon.
You worshipped Makhleb.
Makhleb was pleased with you.
You visited 2 branches of the dungeon, and saw 5 of its levels.
You also visited: Sewer.

You collected 162 gold pieces.

Inventory:

Hand Weapons
 n - the +10 quarterstaff "Iseytan" (weapon) {flame, rN+ Str-5 Dex+4}
   (You found it on level 3 of the Dungeon)

   Str:       It affects your strength (-5).
   Dex:       It affects your dexterity (+4).
   rN:        It protects you from negative energy.
Armour
 a - a +0 robe (worn)
 f - a scarf of repulsion (worn)
Jewellery
 o - a +5 ring of evasion (left hand)
Wands
 p - a wand of polymorph (4)
Scrolls
 d - 2 scrolls of poison
 e - a scroll of blinking
 g - 2 scrolls of fear
 h - a scroll of vulnerability
 i - a scroll of fog
 j - a scroll of summoning
 k - 3 scrolls of teleportation
 m - a scroll of immolation
 s - 3 scrolls of identify
 u - a scroll of enchant weapon {unknown}
Potions
 b - 5 potions of magic
 c - 2 potions of brilliance {unknown}
 l - 3 potions of curing {unknown}
 q - a potion of degeneration {unknown}
 r - a potion of flight {unknown}
 t - a potion of experience {unknown}
 v - a potion of lignification {unknown}


   Skills:
 + Level 3.4 Fighting
 - Level 2.1 Dodging
 - Level 1.5 Stealth
 + Level 5.4 Spellcasting


You couldn't memorise any spells.
You knew the following spells:

 Your Spells              Type           Power      Damage    Failure   Level
a - Foxfire               Conj/Fire      84%        2x1d8     1%          1
b - Scorch                Fire           42%        2d7       2%          2
c - Kindle Blastsparks    Fire/Tloc/Air  42%        2d13      4%          3
d - Inner Flame           Hex/Fire       21%        N/A       4%          3
e - Flame Wave            Conj/Fire      21%        2d8       16%         4
f - Sandblast             Erth           42%        2d11      1%          1
g - Ensorcelled Hibernat  Hex/Ice        42%        N/A       2%          2
h - Dazzling Flash        Conj/Hex       42%        N/A       4%          3
Your spell library was empty.

Dungeon Overview and Level Annotations

Branches:
Dungeon (4/15)             Temple (1/1) D:4           Sewer (visited)

Altars:
Ashenzari
Elyvilon
Fedhas
Makhleb
Okawaru
Qazlal
Ru
Trog
Xom
Yredelemnul
Zin
The Shining One

Annotations:
D:4 hikkokomori's ghost, amateur FoHu


Innate Abilities, Weirdness & Mutations

You are immune to sickness and miasma.
You are immune to poison.
Your flesh is very heat resistant. (rF++)
You are vulnerable to cold. (rC-)
You float through the air rather than walking.
You learn spells naturally, not from books.
Your magical power is your life essence.
You have superior vitality. (+4 MHP)


Message History

Press: ? - help, v - describe, . - travel
Here: hikkokomori's ghost (fire blocked by a runed translucent door)
The floor.
You conjure some foxfire!
As you open the door, it creaks loudly!
Casting: Foxfire (safe; 1% risk of failure)
Confirm with . or Enter, or press ? or * to list all spells.
Flames lash hikkokomori's ghost.
Hikkokomori's ghost is lightly damaged.
Hikkokomori's ghost's fire resistance burns away.
Hikkokomori's ghost barely misses you.
Your foxfire dissipates!
You closely miss hikkokomori's ghost.
Hikkokomori's ghost is lightly damaged.
Hikkokomori's ghost hits you!
You sock hikkokomori's ghost! You burn hikkokomori's ghost!
Hikkokomori's ghost is moderately damaged.
Hikkokomori's ghost is no longer more vulnerable to fire.
Hikkokomori's ghost closely misses you. Hikkokomori's ghost misses you.
You thump hikkokomori's ghost! You burn hikkokomori's ghost.
Hikkokomori's ghost is severely damaged.
Hikkokomori's ghost hits you!
Casting: Scorch (safe; 2% risk of failure)
Confirm with . or Enter, or press ? or * to list all spells.
Flames lash hikkokomori's ghost.
Hikkokomori's ghost is severely damaged.
Hikkokomori's ghost's fire resistance burns away.
Hikkokomori's ghost closely misses you.
You barely miss hikkokomori's ghost.
Hikkokomori's ghost is severely damaged.
Hikkokomori's ghost hits you!
* * * LOW HITPOINT WARNING * * *
You are too injured to fight recklessly!
You hit hikkokomori's ghost. You burn hikkokomori's ghost.
Hikkokomori's ghost is almost destroyed.
Hikkokomori's ghost is no longer more vulnerable to fire.
Hikkokomori's ghost hits you.
* * * LOW HITPOINT WARNING * * *
Hikkokomori's ghost hits you!
You die...

### ##.................#
..#####................##
....###.................#########
##...###................##.......
###....................#...#####
###....###..............##
##...##⌠##.............## #
#...##...##..........#..#####
#..##..?..##@........#.......
#..#⌠..♣...W.................
#..##..!..##......##....#...# #
#...##...##..........##.#.... #
#....##⌠##...###.##.......##. #
#.#...###.....##....#..##.... #
#..#.......#.....##.#.....#.. ##
##........##...........##.#.#
.####....#######......#.##......#


You could see hikkokomori's ghost.

Vanquished Creatures
  A scorpion (D:4)
  A hound (D:4)
  A jelly (D:4)
  4 orc priests
  3 gnolls (D:4)
  6 adders
  5 river rats (Sewer)
  3 worms
  3 dart slugs
  12 orcs
  17 ball pythons
  5 endoplasms
  6 giant cockroaches
  7 goblins
  8 hobgoblins
  2 jackals (D:2)
  4 quokkas
  4 bats
  3 frilled lizards
  22 kobolds
  23 rats
140 creatures vanquished.

Vanquished Creatures (collateral kills)
  9 foxfires (D:1)
9 creatures vanquished.

Vanquished Creatures (others)
  161 foxfires
161 creatures vanquished.

Grand Total: 310 creatures vanquished

Notes
Turn   | Place    | Note
-------+----------+-------------------------------------------
     0 | D:1      | browni3141 the Djinni Fire Elementalist began the quest for
                  | the Orb.
     0 | D:1      | browni3141 set off with the following spells memorised:
                  | Foxfire, Scorch, Kindle Blastsparks, Inner Flame, Flame
                  | Wave.
     0 | D:1      | Reached XP level 1. HP: 15/15 MP: 0/0
    44 | D:1      | Reached XP level 2. HP: 14/22 MP: 0/0
   104 | D:1      | Reached skill level 1 in Fighting
   244 | D:1      | Reached XP level 3. HP: 24/27 MP: 0/0
   244 | D:1      | Learned a level 1 spell: Sandblast
   590 | D:2      | Reached skill level 3 in Spellcasting
   674 | D:2      | Reached XP level 4. HP: 31/33 MP: 0/0
   831 | D:2      | Found a sacrificial altar of Ru.
  1334 | D:3      | Identified the +10 quarterstaff "Iseytan" {flame, rN+ Str-5
                  | Dex+4}
  1338 | D:3      | Found an iron altar of Okawaru.
  1381 | D:3      | Reached XP level 5. HP: 36/38 MP: 0/0
  1381 | D:3      | Learned a level 2 spell: Ensorcelled Hibernation
  1515 | D:3      | Reached skill level 4 in Spellcasting
  2001 | D:4      | Found a staircase to the Ecumenical Temple.
  2012 | D:4      | Reached XP level 6. HP: 29/43 MP: 0/0
  2122 | D:4      | Found a runed translucent door.
  2122 | D:4      | Noticed hikkokomori's ghost (amateur FoHu)
  2159 | Temple   | Entered the Ecumenical Temple
  2176 | Temple   | Became a worshipper of Makhleb the Destroyer
  2209 | D:4      | Reached skill level 5 in Spellcasting
  2495 | D:4      | Found a glowing drain.
  2502 | D:4      | Reached XP level 7. HP: 35/49 MP: 0/0
  2502 | D:4      | Learned a level 3 spell: Dazzling Flash
  2516 | Sewer    | Entered a sewer
  2673 | Sewer    | Reached * piety under Makhleb
  2976 | Sewer    | Reached ** piety under Makhleb
  3959 | D:4      | Slain by hikkokomori's ghost

Illustrated notes

Levels and vault maps discovered:
D:1:      lightli_arrival_statuegarden, layout_rooms, serial_bayou_pond_b
D:2:      layout_basic, basic_altar
D:3:      layout_basic, amcnicky_altar_gilded, serial_rivers,
          chequers_serial_rivers_micro_c, chequers_serial_rivers_large_b,
          chequers_serial_rivers_room_a, chequers_serial_rivers_micro_c
D:4:      wander_river, layout_layer_cave, minmay_temple_entry_ruins,
          cheibrodos_sewer_entry_bend, hellmonk_ghost_happy_afterlife
Temple:   nicolae_temple_x_marks_the_god

Skill      XL: |  1  2  3  4  5  6  7 |
---------------+----------------------+-----
Fighting       | 1 2 3 |  3.4
Spellcasting   | 3 4 5 |  5.4
Dodging        | |  2.1
Stealth        | |  1.5

Action                   |  1- 3 |  4- 6 |  7- 9 || total
-------------------------+-------+-------+-------++-------
Melee: Quarterstaff      |       |    30 |   112 ||   142
 Cast: Foxfire           |    59 |    40 |     1 ||   100
       Scorch            |     5 |    22 |     8 ||    35
  Use: Scroll            |       |     8 |       ||     8
 Stab: Sleeping          |       |     1 |     1 ||     2
Armor: Robe              |       |     6 |     8 ||    14
Dodge: Dodged            |     3 |    42 |   179 ||   224

Table legend: (Time is in decaauts)
 A = Elapsed time spent in this place.
 B = Non-inter-level travel time spent in this place.
 C = Inter-level travel time spent in this place.
 D = Time resting spent in this place.
 E = Time spent auto-exploring this place.
 F = Levels seen in this place.
 G = Mean time per level.
                   A        B        C        D        E       F      G
               +--------+--------+--------+--------+--------+-----+--------+
         Total |   3999 |   3827 |    172 |    121 |   2677 |   6 |  666.5 |
       Dungeon |   3253 |   3081 |    172 |      4 |   2281 |   4 |  813.2 |
        Temple |     21 |     21 |      0 |      0 |      0 |   1 |   21.0 |
         Sewer |    724 |    724 |      0 |    117 |    396 |   1 |  724.0 |
               +--------+--------+--------+--------+--------+-----+--------+

Top non-repeatable levels by time:
     D:4: 1214 daAuts
     D:3: 743 daAuts
     D:2: 736 daAuts
   Sewer: 724 daAuts
     D:1: 559 daAuts
  Temple: 21 daAuts
